[Event "Titled Tuesday Blitz January 10 Early 2023"]
[White "Pinero Rodriguez, Carlos Jose"]
[Black "Yaniuk, Volodymyr"]
[WhiteFideId "3901726"]
[BlackFideId "14133083"]
[WhiteElo "2246"]
[BlackElo "2223"]
[Result "1/2-1/2"]
[Round "03"]
[TimeControl "180+2"]
[Date "2023.01.10"]
[WhiteClock "0:00:03"]
[BlackClock "0:00:06"]

1. d4 d5 2. c4 e6 3. cxd5 exd5 4. Nc3 Nf6 5. Bg5 c6 6. e3 Be7 7. Bd3 Nbd7 8. Qc2 h6 9. Bh4 Nh5 10. Bg3 Nxg3 11. hxg3 O-O 12. Nf3 Re8 13. O-O Bd6 14. Rab1 a5 15. a3 Nf6 16. b4 axb4 17. axb4 b5 18. e4 dxe4 19. Nxe4 Ra6 20. Nc5 Ra7 21. Ra1 Ree7 22. Qb2 Nd5 23. Nd2 Rec7 24. Nde4 Bf8 25. Nc3 Nf6 26. Rad1 Ng4 27. Rfe1 Re7 28. Be4 Nf6 29. Bxc6 Rxe1+ 30. Rxe1 Qxd4 31. Rd1 Qe5 32. Bxb5 Bg4 33. Rb1 Bxc5 34. bxc5 Qxc5 35. Be2 Ra8 36. Bxg4 Nxg4 37. Ne4 Qf5 38. f3 Ne5 39. Qb7 Ra2 40. Rb2 Ra1+ 41. Rb1 Ra2 42. Rb2 Ra1+ 43. Rb1 Rxb1+ 44. Qxb1 Ng6 45. Qb8+ Kh7 46. Qc7 Ne5 47. Qc5 g6 48. g4 Qe6 49. Qd6 Kg7 50. Qxe6 fxe6 51. Kf2 Nf7 52. Ke3 h5 53. gxh5 gxh5 54. f4 Kg6 55. Kf3 Kf5 56. Ng3+ Kg6 57. Ne4 Nh6 58. Nc5 Kf5 59. Ne4 Ng4 60. Ng3+ Kg6 61. Ne2 Kf5 62. Ng3+ Kg6 63. Ke4 h4 64. Ne2 Kf6 65. Nd4 Nf2+ 66. Kf3 Nd3 67. Kg4 Kf7 68. Kxh4 e5 69. fxe5 Nxe5 70. Nf3 Ng6+ 71. Kg4 Kg7 72. Kf5 Ne7+ 73. Ke6 Ng6 74. Ng5 Nf4+ 75. Kf5 Nxg2 1/2-1/2


[Site "https://www.chess.com"]

[Event "Titled Tuesday Blitz January 10 Early 2023"]
[White "Ezat, Mohamed"]
[Black "Dilmukhametov, Artur"]
[WhiteFideId "10600906"]
[BlackFideId "24179922"]
[WhiteElo "2402"]
[BlackElo "2276"]
[Result "1-0"]
[Round "03"]
[TimeControl "180+2"]
[Date "2023.01.10"]
[WhiteClock "0:01:57"]
[BlackClock "0:01:54"]

1. e4 e6 2. d4 d5 3. e5 c5 4. c3 Qb6 5. Nf3 Nc6 6. Bd3 Bd7 7. O-O cxd4 8. cxd4 Nxd4 9. Nxd4 Qxd4 10. Nc3 Qxe5 11. Re1 Qc7 12. Nxd5 Qc6 13. Bb5 Qd6 14. Bf4 e5 15. Bxe5 Qg6 16. Nc7+ Ke7 17. Qxd7# 1-0


[Site "https://www.chess.com"]

[Event "Titled Tuesday Blitz January 10 Early 2023"]
[White "Mayank Chakraborty"]
[Black "Ankerst, Mihael"]
[WhiteFideId "25659766"]
[BlackFideId "14602369"]
[WhiteElo "2025"]
[BlackElo "2370"]
[Result "0-1"]
[Round "03"]
[TimeControl "180+2"]
[Date "2023.01.10"]
[WhiteClock "0:01:04"]
[BlackClock "0:00:19"]

1. b3 a5 2. f4 a4 3. Nf3 e6 4. bxa4 Nf6 5. Nc3 Be7 6. Bb2 O-O 7. e3 d6 8. Bd3 Nbd7 9. O-O Nc5 10. Be2 Bd7 11. Bb5 Nxa4 12. Bxa4 Bxa4 13. Nxa4 Rxa4 14. c4 Rxc4 15. Qb3 Rc6 16. Bd4 Qa8 17. a4 Rb8 18. Ng5 h6 19. Nxe6 fxe6 20. Qxe6+ Kf8 21. Rac1 Qxa4 22. Ra1 Qc4 23. Qf5 Qd5 24. Qg6 Qf7 25. Qd3 d5 26. Rfb1 Kg8 27. Ra7 b6 28. Be5 Bd6 29. Bd4 Ne4 30. Qb5 Rc2 31. d3 Nc5 32. Qc6 Kh7 33. Ra3 Qg6 34. Qxd5 Nxd3 35. Rab3 Nf2 36. Qf3 Ne4 37. f5 Qe8 38. Qg4 Nf6 39. Qd1 Qe4 40. Qf1 Ng4 41. h3 Nf6 42. Rd1 Ra8 43. Bxf6 gxf6 44. Rd4 Qe5 0-1


[Site "https://www.chess.com"]

[Event "Titled Tuesday Blitz January 10 Early 2023"]
[White "Lehtosaari, Mauri"]
[Black "Broca Jimenez, Fernando"]
[WhiteFideId "501999"]
[BlackFideId "5104742"]
[WhiteElo "2176"]
[BlackElo "2075"]
[Result "1-0"]
[Round "03"]
[TimeControl "180+2"]
[Date "2023.01.10"]
[WhiteClock "0:00:19"]
[BlackClock "0:00:12"]

1. d4 Nf6 2. Nf3 d6 3. g3 g6 4. Bg2 Bg7 5. O-O O-O 6. c4 Nbd7 7. Nc3 e5 8. Bg5 h6 9. Bxf6 Bxf6 10. e3 c6 11. b4 Re8 12. Rc1 Qc7 13. a3 Bg7 14. Qd2 Nf6 15. Rfd1 Be6 16. d5 Bg4 17. dxc6 bxc6 18. h3 Bxf3 19. Bxf3 Rad8 20. b5 Qb6 21. Bxc6 Re7 22. Nd5 Nxd5 23. Bxd5 Bf8 24. a4 Rc7 25. a5 Qb8 26. Qd3 Rdc8 27. Qxg6+ Bg7 28. Qf5 Kh8 29. h4 Rf8 30. Be4 Qd8 31. Qh7# 1-0


[Site "https://www.chess.com"]

[Event "Titled Tuesday Blitz January 10 Early 2023"]
[White "Fishchuk, Vladyslav"]
[Black "Ansh M Shah"]
[WhiteFideId "34122117"]
[BlackFideId "25033379"]
[WhiteElo "2252"]
[BlackElo "2171"]
[Result "0-1"]
[Round "03"]
[TimeControl "180+2"]
[Date "2023.01.10"]
[WhiteClock "0:00:21"]
[BlackClock "0:01:25"]

1. e4 c6 2. Nc3 d5 3. Nf3 dxe4 4. Nxe4 Nf6 5. Qe2 Nxe4 6. Qxe4 Nd7 7. d4 Nf6 8. Qd3 g6 9. Ne5 Bg7 10. Bf4 O-O 11. O-O-O Bf5 12. Qf3 Qd5 13. Bc4 Qxf3 14. Nxf3 Nd5 15. Bg3 b5 16. Bd3 Bxd3 17. Rxd3 e6 18. Re1 Rfc8 19. Kb1 c5 20. dxc5 Rxc5 21. Be5 Rac8 22. c3 b4 23. Bxg7 Kxg7 24. cxb4 Nxb4 25. Rd2 R8c7 26. a3 Nd5 27. g3 a5 28. Re4 Nb6 29. Rd6 Nd5 30. Ra6 Rc1+ 31. Ka2 R7c2 32. Re1 a4 33. Rxc1 Nc3+ 34. Ka1 Rxc1# 0-1


[Site "https://www.chess.com"]

[Event "Titled Tuesday Blitz January 10 Early 2023"]
[White "Kamalidenova, Meruert"]
[Black "Pak, Yevgeniy"]
[WhiteFideId "13712802"]
[BlackFideId "14201712"]
[WhiteElo "2350"]
[BlackElo "2384"]
[Result "1-0"]
[Round "03"]
[TimeControl "180+2"]
[Date "2023.01.10"]
[WhiteClock "0:00:24"]
[BlackClock "0:00:03"]

1. c4 g6 2. Nc3 Bg7 3. Nf3 Nf6 4. h4 d6 5. d4 Nbd7 6. e4 c5 7. Be2 cxd4 8. Nxd4 a6 9. h5 O-O 10. Be3 Ne5 11. f3 Be6 12. Nd5 Bxd5 13. cxd5 Qa5+ 14. Kf2 Rfc8 15. hxg6 hxg6 16. Qg1 Qb4 17. Rd1 Qxb2 18. Rd2 Qc3 19. Rh4 g5 20. Bxg5 Ng6 21. Qh2 Nxh4 22. Qxh4 Nh7 23. Be3 Qa1 24. Nf5 Rc1 25. Nxe7+ 1-0


[Site "https://www.chess.com"]

[Event "Titled Tuesday Blitz January 10 Early 2023"]
[White "Blokhin, Sofia"]
[Black "Vagman, Roy"]
[WhiteFideId "4508190"]
[BlackFideId "2828995"]
[WhiteElo "2062"]
[BlackElo "2273"]
[Result "0-1"]
[Round "03"]
[TimeControl "180+2"]
[Date "2023.01.10"]
[WhiteClock "0:00:21"]
[BlackClock "0:02:33"]

1. d4 g6 2. c4 Bg7 3. Nc3 d6 4. e4 Nc6 5. Be3 e5 6. d5 Nd4 7. f3 f5 8. Bd3 Nf6 9. Nge2 fxe4 10. fxe4 Ng4 11. Bd2 Qh4+ 12. Ng3 Nxh2 13. Be3 Qxg3+ 14. Bf2 Qxg2 15. Rxh2 Qxh2 16. Bxd4 exd4 17. Ne2 Bh6 18. Qa4+ Bd7 19. Qb4 Qh1+ 0-1


[Site "https://www.chess.com"]

[Event "Titled Tuesday Blitz January 10 Early 2023"]
[White "Ladan, Nicholas"]
[Black "Slovineanu, Viacheslav"]
[WhiteFideId "30918855"]
[BlackFideId "13900510"]
[WhiteElo "2228"]
[BlackElo "2412"]
[Result "1-0"]
[Round "03"]
[TimeControl "180+2"]
[Date "2023.01.10"]
[WhiteClock "0:02:14"]
[BlackClock "0:00:51"]

1. b4 d5 2. Bb2 Qd6 3. a3 e5 4. e3 Nd7 5. Nf3 c6 6. c4 Be7 7. Nc3 Bf6 8. cxd5 cxd5 9. Nb5 Qb8 10. Rc1 Bd8 11. Rxc8 Qxc8 12. Nd6+ Kf8 13. Nxc8 Rxc8 14. Nxe5 Nxe5 15. Bxe5 Nf6 16. Bd3 g6 17. O-O Kg7 18. Qf3 Re8 19. Bd4 Re6 20. g4 Bb6 21. Bc3 h6 22. h4 d4 23. exd4 Kh7 24. d5 1-0


[Site "https://www.chess.com"]

[Event "Titled Tuesday Blitz January 10 Early 2023"]
[White "Tymrakiewicz, Rafal"]
[Black "Aspire_ie"]
[WhiteFideId "1108832"]
[WhiteElo "2144"]
[BlackElo "2307"]
[Result "1-0"]
[Round "03"]
[TimeControl "180+2"]
[Date "2023.01.10"]
[WhiteClock "0:00:10"]
[BlackClock "0:00:09"]

1. d4 d6 2. Bg5 Nf6 3. e3 g6 4. c4 Bg7 5. Nc3 h6 6. Bh4 O-O 7. Nf3 c5 8. Be2 cxd4 9. exd4 Nc6 10. O-O Qb6 11. Qd2 g5 12. Bg3 g4 13. Nh4 Qxd4 14. Qc2 Qc5 15. Rad1 Nd4 16. Rxd4 Qxd4 17. Rd1 Qc5 18. a3 a5 19. Nd5 Nxd5 20. Rxd5 Qc6 21. Nf5 Bxf5 22. Rxf5 e6 23. Rb5 Rfc8 24. Qd3 f5 25. b3 Rd8 26. h3 gxh3 27. Bf3 d5 28. cxd5 Qc1+ 29. Kh2 hxg2 30. Bxg2 Rac8 31. Rxb7 Qc3 32. Qe2 exd5 33. Qe6+ Kh8 34. Rxg7 Kxg7 35. Be5+ Qxe5+ 36. Qxe5+ Kg6 37. Qe6+ Kg7 38. Qe7+ Kg6 39. Qe6+ Kg7 40. Bh3 d4 41. Bxf5 Rf8 42. Qg6+ Kh8 43. Qh7# 1-0


[Site "https://www.chess.com"]

[Event "Titled Tuesday Blitz January 10 Early 2023"]
[White "Grot, Blazej"]
[Black "Melaugh, Shane"]
[WhiteFideId "21835845"]
[BlackFideId "2509580"]
[WhiteElo "1990"]
[BlackElo "2115"]
[Result "1-0"]
[Round "03"]
[TimeControl "180+2"]
[Date "2023.01.10"]
[WhiteClock "0:00:20"]
[BlackClock "0:00:27"]

1. e4 c5 2. Nf3 e6 3. d4 cxd4 4. Nxd4 Nc6 5. Nc3 Nf6 6. Ndb5 Bc5 7. Bf4 e5 8. Bg5 O-O 9. Nd5 Qa5+ 10. Bd2 Qd8 11. Bg5 Bxf2+ 12. Ke2 Qa5 13. Bxf6 Qxb5+ 14. Kxf2 Qc5+ 15. Ke1 gxf6 16. Nxf6+ Kh8 17. Qh5 Kg7 18. Qg5+ Kh8 19. Qh6 Qb4+ 20. c3 Qxe4+ 21. Nxe4 f5 22. Ng5 1-0


[Site "https://www.chess.com"]

[Event "Titled Tuesday Blitz January 10 Early 2023"]
[White "Ruiz Aguilar, Pablo Alexander"]
[Black "Erzhanov, Arman"]
[WhiteFideId "4401352"]
[BlackFideId "4138821"]
[WhiteElo "2161"]
[BlackElo "2228"]
[Result "1-0"]
[Round "03"]
[TimeControl "180+2"]
[Date "2023.01.10"]
[WhiteClock "0:00:25"]
[BlackClock "0:00:03"]

1. e4 d6 2. Nf3 Nf6 3. Nc3 e5 4. d4 Nbd7 5. Bc4 Be7 6. O-O O-O 7. Re1 c6 8. Bb3 b5 9. a3 a6 10. h3 h6 11. Be3 Re8 12. Qd2 Bf8 13. Rad1 Qc7 14. Nh2 Bb7 15. f4 exd4 16. Bxd4 c5 17. Bxf6 Nxf6 18. Nd5 Bxd5 19. Bxd5 Nxd5 20. Qxd5 c4 21. Kh1 Rac8 22. Ng4 Qb6 23. Qd4 Qc6 24. f5 Qc5 25. Ne3 c3 26. b4 Qe5 27. Qxe5 dxe5 28. Nd5 a5 29. Rd3 axb4 30. axb4 Rc4 31. Rxc3 Rxc3 32. Nxc3 Bxb4 33. Re3 Rc8 34. Nd5 Bd6 35. Rc3 Rxc3 36. Nxc3 b4 37. Nd5 Kf8 38. Kg1 Ke8 39. Kf2 Kd7 40. Ke3 Kc6 41. Kd3 Kb5 42. g4 f6 43. Ne3 Bc5 44. Nd5 Bd6 45. Ne3 Bc5 46. Ng2 Bf2 47. Ke2 Bg3 48. Ne3 Kc5 49. Kd3 Bf2 50. Nd5 Bg1 51. Nc7 Kd6 52. Ne8+ Ke7 53. Nxg7 Kf7 54. Ne6 Ke7 55. Nc7 Bf2 56. Nd5+ Kf7 57. Nxb4 Bg1 58. Nd5 Ba7 59. Kc4 Bg1 60. Kb5 Bf2 61. Kc6 Bh4 62. c4 Ke8 63. Kd6 Kd8 64. c5 Kc8 65. c6 Bf2 66. Ne7+ Kd8 67. c7+ Ke8 68. c8=Q+ Kf7 69. Qg8# 1-0


[Site "https://www.chess.com"]

[Event "Titled Tuesday Blitz January 10 Early 2023"]
[White "Bobomurodova, Maftuna"]
[Black "Manukian, Artak"]
[WhiteFideId "14207400"]
[BlackFideId "13301373"]
[WhiteElo "1946"]
[BlackElo "2196"]
[Result "1-0"]
[Round "03"]
[TimeControl "180+2"]
[Date "2023.01.10"]
[WhiteClock "0:00:33"]
[BlackClock "0:00:50"]

1. e4 c6 2. d4 d5 3. Nd2 dxe4 4. Nxe4 Nf6 5. Ng3 Bg4 6. f3 Bd7 7. Bd3 e6 8. N1e2 c5 9. O-O Nc6 10. c3 cxd4 11. cxd4 Qb6 12. Be3 Nd5 13. Bf2 Be7 14. b3 O-O 15. Ne4 Rfd8 16. Re1 Rac8 17. Bc4 Bf8 18. Rc1 Na5 19. Ng5 h6 20. Nh3 Ba3 21. Rb1 Bb5 22. Bxb5 Qxb5 23. Nhf4 Bb4 24. Rf1 Nxf4 25. Nxf4 Nc6 26. Qe2 Qf5 27. Nd3 Bd6 28. Rfd1 Nb4 29. Nxb4 Bxb4 30. Rbc1 Qd5 31. Rc4 Bd6 32. Rdc1 Rc6 33. Rxc6 bxc6 34. Qc4 Rc8 35. Qxd5 exd5 36. Kf1 Kf8 37. Ke2 Ke7 38. Kd3 Kd7 39. Bg3 Bxg3 40. hxg3 Re8 41. b4 a6 42. a4 Kd6 43. Rb1 Rb8 44. Kc3 h5 45. Re1 g6 46. f4 Rb7 47. Re5 Re7 48. Kd3 f6 49. Re3 Rxe3+ 50. Kxe3 a5 51. bxa5 Kc7 52. Kd3 Kb7 53. Kc3 Ka6 54. Kb4 g5 55. fxg5 fxg5 56. Kc5 Kxa5 57. Kxc6 Kxa4 58. Kxd5 Kb4 59. Ke5 Kc4 60. d5 h4 61. gxh4 gxh4 62. d6 1-0


[Site "https://www.chess.com"]

[Event "Titled Tuesday Blitz January 10 Early 2023"]
[White "Guliev, Logman"]
[Black "Thiel, Thomas"]
[WhiteFideId "13400061"]
[BlackFideId "4615964"]
[WhiteElo "2250"]
[BlackElo "2234"]
[Result "1-0"]
[Round "03"]
[TimeControl "180+2"]
[Date "2023.01.10"]
[WhiteClock "0:01:43"]
[BlackClock "0:02:14"]

1. e4 d5 2. exd5 Nf6 3. d4 Nxd5 4. c4 Nb6 5. Nf3 g6 6. Nc3 Bg7 7. c5 Nd5 8. Bc4 Nxc3 9. bxc3 O-O 10. O-O Nc6 11. Re1 Bg4 12. h3 Bxf3 13. Qxf3 Nxd4 14. cxd4 Qxd4 15. Bg5 Qxc4 16. Rac1 Qa6 17. Rxe7 c6 18. Bf6 Rae8 19. Rce1 Rxe7 20. Rxe7 b5 21. h4 b4 22. h5 gxh5 23. Qg3 1-0


[Site "https://www.chess.com"]

[Event "Titled Tuesday Blitz January 10 Early 2023"]
[White "Degenbaev, Aziz"]
[Black "Ciuffoletti, Paolo"]
[WhiteFideId "13802640"]
[BlackFideId "807630"]
[WhiteElo "2203"]
[BlackElo "2106"]
[Result "1-0"]
[Round "03"]
[TimeControl "180+2"]
[Date "2023.01.10"]
[WhiteClock "0:00:55"]
[BlackClock "0:00:18"]

1. c4 g6 2. Nc3 Bg7 3. d4 d6 4. e4 Nc6 5. Be3 e5 6. d5 Nce7 7. g4 f5 8. gxf5 gxf5 9. Qh5+ Kf8 10. f3 Nf6 11. Qh4 Ng6 12. Qf2 Nh5 13. O-O-O Qf6 14. Kb1 f4 15. Bd2 Bd7 16. c5 Ke7 17. Bb5 a6 18. Bxd7 Kxd7 19. c6+ Kc8 20. cxb7+ Kxb7 21. Nge2 Rab8 22. Nc1 Ka8 23. Qe2 Ka7 24. Be1 Rb4 25. Bf2+ Kb7 26. a3 Rd4 27. Bxd4 exd4 28. N3a2 Rb8 29. Nb4 Kc8 30. Qxa6+ Kd8 31. Nc6+ Ke8 32. Nxb8 d3 33. Nxd3 1-0


[Site "https://www.chess.com"]

[Event "Titled Tuesday Blitz January 10 Early 2023"]
[White "Barbashin, Igor"]
[Black "Devaev, Alexander"]
[WhiteFideId "4155718"]
[BlackFideId "4169395"]
[WhiteElo "2169"]
[BlackElo "2325"]
[Result "1-0"]
[Round "03"]
[TimeControl "180+2"]
[Date "2023.01.10"]
[WhiteClock "0:00:16"]
[BlackClock "0:00:09"]

1. d4 Nf6 2. c4 e6 3. Nc3 Bb4 4. Nf3 c5 5. g3 cxd4 6. Nxd4 Nc6 7. Bg2 Qb6 8. Nb5 a6 9. Nd6+ Ke7 10. Nxc8+ Rhxc8 11. Bd2 Ne5 12. b3 d5 13. O-O dxc4 14. Na4 Qa5 15. Bf4 Nc6 16. bxc4 b5 17. c5 Nd5 18. Bd6+ Ke8 19. Bxd5 bxa4 20. Bg2 Bxc5 21. Rc1 Bxd6 22. Qxd6 Ne7 23. Bxa8 Rxa8 24. Rc7 1-0


[Site "https://www.chess.com"]

[Event "Titled Tuesday Blitz January 10 Early 2023"]
[White "Dinu, Dumitru-Daniel"]
[Black "Kuchava, Ana"]
[WhiteFideId "1208403"]
[BlackFideId "13605348"]
[WhiteElo "2203"]
[BlackElo "2101"]
[Result "0-1"]
[Round "03"]
[TimeControl "180+2"]
[Date "2023.01.10"]
[WhiteClock "0:00:01"]
[BlackClock "0:00:20"]

1. e4 c5 2. Be2 Nc6 3. f4 e6 4. d3 d5 5. Nf3 Nf6 6. e5 Nd7 7. O-O Qc7 8. c3 b5 9. d4 c4 10. a4 Ba6 11. axb5 Bxb5 12. f5 exf5 13. Bf4 Qb6 14. Qc2 g6 15. Nbd2 Bg7 16. Ng5 Ndxe5 17. Kh1 Nd3 18. Bxd3 cxd3 19. Rae1+ Kf8 20. Qb3 Bc4 21. Qa3+ Kg8 22. b3 Bb5 23. c4 dxc4 24. bxc4 Ba6 25. Rb1 Qa5 26. Qd6 h6 27. Qxc6 Rc8 28. Qd7 hxg5 29. Ra1 Qd8 30. Qxd8+ Rxd8 31. Bxg5 Rd6 32. Bf4 Rc6 33. Rab1 Bxc4 34. Rfc1 Bd5 35. Rxc6 Bxc6 36. Rc1 Be4 37. Ra1 Bxd4 38. Ra4 Bc3 39. Nxe4 fxe4 40. Rxe4 d2 41. Re8+ Kh7 42. Rd8 Rxd8 0-1


[Site "https://www.chess.com"]

[Event "Titled Tuesday Blitz January 10 Early 2023"]
[White "Riverol, Jose"]
[Black "Horcajuelo Rocamora, Martin"]
[WhiteFideId "3000427"]
[BlackFideId "24573027"]
[WhiteElo "2304"]
[BlackElo "2107"]
[Result "1-0"]
[Round "03"]
[TimeControl "180+2"]
[Date "2023.01.10"]
[WhiteClock "0:00:14"]
[BlackClock "0:00:31"]

1. d4 d5 2. c4 c6 3. Nf3 Nf6 4. Qb3 e6 5. g3 dxc4 6. Qxc4 b5 7. Qc2 Bb7 8. Bg2 Nbd7 9. O-O Rc8 10. a4 a6 11. Rd1 Be7 12. Nbd2 O-O 13. Nb3 Nb6 14. axb5 cxb5 15. Qb1 Qc7 16. Bf4 Qd7 17. Ne5 Qc7 18. Ng6 Qd7 19. Nxf8 Bxf8 20. Bxb7 Qxb7 21. Nc5 Bxc5 22. dxc5 Nbd5 23. Bd6 Nb4 24. f3 h6 25. Qc1 Nfd5 26. Qd2 Nc6 27. e4 Nf6 28. Kg2 e5 29. Qc3 Re8 30. b4 Nd7 31. Rd2 Nd4 32. Rda2 f5 33. Bxe5 Nxe5 34. Qxd4 Nxf3 35. Qd5+ Qxd5 36. exd5 Nd4 37. d6 Nc6 38. Rxa6 Nxb4 39. Ra8 Kf7 40. R1a7+ 1-0


[Site "https://www.chess.com"]

[Event "Titled Tuesday Blitz January 10 Early 2023"]
[White "Forgacs, Attila Jr."]
[Black "Skurikhin, Dmitrij"]
[WhiteFideId "773654"]
[BlackFideId "4161297"]
[WhiteElo "2264"]
[BlackElo "2297"]
[Result "1/2-1/2"]
[Round "03"]
[TimeControl "180+2"]
[Date "2023.01.10"]
[WhiteClock "0:00:10"]
[BlackClock "0:00:45"]

1. e4 e6 2. d3 d5 3. Nd2 c5 4. g3 Nf6 5. Bg2 b6 6. Ngf3 Bb7 7. O-O Nc6 8. Re1 Be7 9. c3 Qc7 10. Nf1 dxe4 11. dxe4 Rd8 12. Qe2 e5 13. h3 O-O 14. g4 Rfe8 15. Ng3 g6 16. Bh6 Nd7 17. Rad1 Nf8 18. Ng5 Rxd1 19. Rxd1 Nd8 20. Qc4 Nde6 21. Nxe6 Nxe6 22. Be3 Rd8 23. Rxd8+ Qxd8 24. Qe2 Bg5 25. Bxg5 Qxg5 26. Nf1 Qc1 27. Qd2 Qb1 28. a3 Nf4 29. g5 Bxe4 30. Qd8+ Kg7 31. Qf6+ Kg8 32. Qd8+ Kg7 33. Qf6+ Kg8 34. f3 Bd3 35. Qd8+ Kg7 36. Qf6+ Kg8 37. Qxe5 Nxg2 38. Qe8+ Kg7 39. Qe5+ Kg8 40. Qe8+ Kg7 41. Qe5+ Kg8 1/2-1/2


[Site "https://www.chess.com"]

[Event "Titled Tuesday Blitz January 10 Early 2023"]
[White "Leve, Nitai"]
[Black "Lauridsen, Jesper Morch"]
[WhiteFideId "2006898"]
[BlackFideId "1401890"]
[WhiteElo "2128"]
[BlackElo "2309"]
[Result "0-1"]
[Round "03"]
[TimeControl "180+2"]
[Date "2023.01.10"]
[WhiteClock "0:00:06"]
[BlackClock "0:00:21"]

1. e4 e5 2. Nf3 Nf6 3. d4 Nxe4 4. Nxe5 d5 5. Bd3 Nd7 6. O-O Bd6 7. f4 O-O 8. c4 c5 9. cxd5 f5 10. Nc3 cxd4 11. Nxe4 fxe4 12. Bxe4 Nxe5 13. fxe5 Rxf1+ 14. Kxf1 Bxe5 15. Bxh7+ Kxh7 16. Qh5+ Kg8 17. Qxe5 Bg4 18. Bg5 Qb6 19. Be7 d3 20. g3 d2 21. d6 Rc8 22. Kg2 Rc1 23. Qd5+ Kh8 24. d7 Qg1# 0-1


[Site "https://www.chess.com"]

[Event "Titled Tuesday Blitz January 10 Early 2023"]
[White "Kornyukov, Alexey"]
[Black "AidenRchess"]
[WhiteFideId "4150457"]
[WhiteElo "2452"]
[BlackElo "2385"]
[Result "0-1"]
[Round "03"]
[TimeControl "180+2"]
[Date "2023.01.10"]
[WhiteClock "0:02:19"]
[BlackClock "0:02:22"]

1. e4 c5 2. Nf3 e6 3. c3 d5 4. exd5 exd5 5. d4 Nf6 6. dxc5 Bxc5 7. Bb5+ Bd7 8. Bxd7+ Nbxd7 9. O-O O-O 10. Bg5 Qb6 11. b4 Bd6 12. Be3 Qc7 13. Nd4 Bxh2+ 14. Kh1 Be5 15. Na3 a6 16. b5 Qxc3 17. Nac2 axb5 18. Nxb5 Qc4 19. Nca3 Qh4+ 20. Kg1 Qh2# 0-1


[Site "https://www.chess.com"]

[Event "Titled Tuesday Blitz January 10 Early 2023"]
[White "Tarasova, Viktoriya"]
[Black "Tarnowska, Aleksandra"]
[WhiteFideId "4175840"]
[BlackFideId "1180967"]
[WhiteElo "2226"]
[BlackElo "1835"]
[Result "1-0"]
[Round "03"]
[TimeControl "180+2"]
[Date "2023.01.10"]
[WhiteClock "0:01:31"]
[BlackClock "0:00:02"]

1. d4 d5 2. c4 e6 3. Nc3 Nf6 4. cxd5 exd5 5. Bg5 Be7 6. Qc2 O-O 7. e3 h6 8. Bh4 c6 9. Bd3 Nbd7 10. Nge2 Re8 11. O-O Nf8 12. f3 Nh5 13. Bf2 Bd6 14. Rae1 Bc7 15. e4 dxe4 16. fxe4 Bg4 17. e5 Bxe2 18. Nxe2 Ba5 19. Rd1 g6 20. Be3 g5 21. Bc4 Ne6 22. Qf5 Qe7 23. Qg4 Nhg7 24. Ng3 Bb6 25. Rf6 Rad8 26. Rxh6 c5 27. d5 Nd4 28. Bxg5 Qxe5 29. Bf6 1-0


[Site "https://www.chess.com"]

[Event "Titled Tuesday Blitz January 10 Early 2023"]
[White "Buscar, Michael"]
[Black "Clawitter, Craig"]
[WhiteFideId "2603616"]
[BlackFideId "2023105"]
[WhiteElo "2041"]
[BlackElo "2050"]
[Result "1-0"]
[Round "03"]
[TimeControl "180+2"]
[Date "2023.01.10"]
[WhiteClock "0:00:04"]
[BlackClock "0:00:01"]

1. Nf3 e6 2. b3 Nf6 3. Ba3 Bxa3 4. Nxa3 d5 5. c4 O-O 6. e3 c5 7. Be2 Nc6 8. O-O d4 9. exd4 cxd4 10. d3 e5 11. Nc2 h6 12. b4 Re8 13. Re1 Bf5 14. b5 Na5 15. Qd2 b6 16. Bf1 Qd6 17. Qb4 Qc7 18. Nd2 Nb7 19. Nb3 Nc5 20. Nxc5 bxc5 21. Qd2 e4 22. a4 Re6 23. a5 Rae8 24. Rab1 Ng4 25. g3 e3 26. fxe3 dxe3 27. Qe2 Nf2 28. b6 axb6 29. axb6 Qb7 30. Bg2 Qb8 31. Nxe3 Bxd3 32. Qxf2 Bxb1 33. Rxb1 Rxe3 34. Bd5 R3e7 35. b7 Rd8 36. Qxc5 1-0


[Site "https://www.chess.com"]

[Event "Titled Tuesday Blitz January 10 Early 2023"]
[White "Michalski, Olaf"]
[Black "Karabalis, Harilos"]
[WhiteFideId "1106740"]
[BlackFideId "4621808"]
[WhiteElo "2273"]
[BlackElo "2252"]
[Result "0-1"]
[Round "03"]
[TimeControl "180+2"]
[Date "2023.01.10"]
[WhiteClock "0:00:01"]
[BlackClock "0:01:26"]

1. d4 Nf6 2. c4 g6 3. Nc3 Bg7 4. e4 d6 5. Nf3 O-O 6. Be2 e5 7. d5 Na6 8. O-O Nc5 9. Qc2 a5 10. Bg5 h6 11. Be3 b6 12. Nd2 Nfd7 13. b3 f5 14. f3 Nf6 15. a3 f4 16. Bf2 g5 17. b4 axb4 18. axb4 Rxa1 19. Rxa1 Ncd7 20. Nb5 h5 21. Ra8 Qe7 22. Nxc7 g4 23. Ne6 Re8 24. Bh4 Nf8 25. Nxf8 Qxf8 26. Nb3 gxf3 27. Bxf3 Ng4 28. Bf2 Ne3 29. Bxe3 fxe3 30. Bxh5 Rd8 31. Qe2 Bh6 32. Qf3 Qg7 33. Qg3 Qxg3 34. hxg3 Kg7 35. Bf3 Bg5 36. Kf1 Bd7 0-1


[Site "https://www.chess.com"]

[Event "Titled Tuesday Blitz January 10 Early 2023"]
[White "Khalafova, Narmin"]
[Black "Cardozo Munar, Carlos Eduardo"]
[WhiteFideId "13402625"]
[BlackFideId "4409477"]
[WhiteElo "2246"]
[BlackElo "2043"]
[Result "1-0"]
[Round "03"]
[TimeControl "180+2"]
[Date "2023.01.10"]
[WhiteClock "0:00:59"]
[BlackClock "0:00:18"]

1. e4 e6 2. d4 d5 3. Nd2 c5 4. Ngf3 Nc6 5. Bb5 Bd7 6. exd5 exd5 7. c3 Nf6 8. O-O Be7 9. Re1 O-O 10. h3 a6 11. Bd3 b5 12. Ne5 cxd4 13. cxd4 Nxd4 14. Ndf3 Nxf3+ 15. Qxf3 Bd6 16. Bg5 Bxe5 17. Rxe5 Be6 18. Rae1 Rc8 19. Qg3 Re8 20. Bh6 g6 21. Rxe6 Rxe6 22. Rxe6 fxe6 23. Bxg6 Qe7 24. Bd3+ Kh8 25. Qe5 Rg8 26. g4 Rg7 27. Bxg7+ Qxg7 28. g5 Nd7 29. Qxe6 Qxg5+ 30. Kf1 Nf6 31. Qf7 Qg7 32. Qe6 Qg5 33. Qc8+ Qg8 34. Qxa6 Ne4 35. Bxe4 dxe4 36. Qf6+ Qg7 37. Qxg7+ Kxg7 38. Ke2 Kf6 39. Ke3 Ke5 40. a3 Kf5 41. b3 Ke5 42. a4 bxa4 43. bxa4 Kd5 44. a5 Kc5 45. Kxe4 Kb5 46. f4 Kxa5 47. f5 Kb6 48. f6 Kc7 49. f7 Kd7 50. f8=Q Ke6 51. Qh6+ Kd7 52. Qxh7+ Ke6 53. Qg6+ 1-0


[Site "https://www.chess.com"]

[Event "Titled Tuesday Blitz January 10 Early 2023"]
[White "Levine, David"]
[Black "Rian, Kapriaga"]
[WhiteFideId "2011611"]
[BlackFideId "7103263"]
[WhiteElo "2040"]
[BlackElo "2089"]
[Result "1-0"]
[Round "03"]
[TimeControl "180+2"]
[Date "2023.01.10"]
[WhiteClock "0:00:53"]
[BlackClock "0:00:02"]

1. d4 Nf6 2. c4 e6 3. g3 d5 4. Bg2 Bb4+ 5. Bd2 Be7 6. Nf3 O-O 7. O-O Nbd7 8. Qc2 c6 9. Bf4 Nh5 10. Bc1 Nhf6 11. Bf4 b6 12. Rd1 Ba6 13. Nbd2 Nh5 14. Be3 Nhf6 15. Ne5 Nxe5 16. dxe5 Nd7 17. f4 Bb7 18. cxd5 cxd5 19. Nf3 Bc5 20. Bd4 h6 21. e3 a6 22. Rac1 Qe7 23. Qb3 Rab8 24. Rc2 Rfc8 25. Rdc1 Qf8 26. Qd3 Be7 27. Qe2 Rxc2 28. Rxc2 Rc8 29. a3 Nc5 30. Nd2 Nd7 31. Qd3 Rxc2 32. Qxc2 Qc8 33. Qxc8+ Bxc8 34. e4 Bb7 35. exd5 Bxd5 36. Bxd5 exd5 37. Kf2 Kf8 38. Ke3 h5 39. h3 g6 40. g4 hxg4 41. hxg4 Ke8 42. Nf3 b5 43. f5 gxf5 44. gxf5 Kd8 45. Kf4 Bc5 46. e6 fxe6 47. fxe6 Bxd4 48. Nxd4 Nc5 49. Ke5 Nd3+ 50. Kxd5 Nxb2 51. Nc6+ Ke8 52. Nb4 Nc4 53. Nxa6 Nxa3 54. Nc7+ Ke7 55. Nxb5 1-0


[Site "https://www.chess.com"]